[Event "*** SCC Grand Prix: Titled Tuesday Blitz"]
[Site "Chess.com"]
[Date "2020.06.02"]
[Round "5"]
[White "Twiceblessed"]
[Black "PredragNikac"]
[Result "1-0"]
[WhiteElo "2520"]
[BlackElo "2363"]
[TimeControl "180+1"]
[EndTime "10:55:43 PDT"]
[Termination "Twiceblessed won by resignation"]

1. d4 c5 2. d5 e6 3. Nc3 a6 4. a4 exd5 5. Nxd5 Nf6 6. Bg5 Be7 7. Bxf6 Bxf6 8. c3 O-O 9. g3 Nc6 10. Bg2 d6 11. Nh3 b5 12. axb5 Bxh3 13. Bxh3 axb5 14.
Rxa8 Qxa8 15. Nxf6+ gxf6 16. Bg2 Qc8 17. Qxd6 Ne5 18. Qxf6 Nc4 19. b3 Na3 20. O-O Qd8 21. Qf5 Qd6 22. Be4 Re8 23. Qxh7+ Kf8 24. Ra1 b4 25. cxb4 cxb4 26. Rc1 Nb5 27. Bc6 Nc3 28. Qh8+ 1-0

[Event "*** SCC Grand Prix: Titled Tuesday Blitz"]
[Site "Chess.com"]
[Date "2020.06.02"]
[Round "5"]
[White "BocharovD"]
[Black "Philosopherrr"]
[Result "1-0"]
[WhiteElo "2778"]
[BlackElo "2520"]
[TimeControl "180+1"]
[EndTime "10:55:47 PDT"]
[Termination "BocharovD won by resignation"]

1. c4 Nf6 2. g3 e5 3. Bg2 Nc6 4. Nc3 Bc5 5. Nf3 d6 6. O-O O-O 7. e3 Bg4 8. h3 Bh5 9. d3 a6 10. b3 Re8 11. Bb2 Ba7 12. g4 Bg6 13. Nh4 Ne7 14.
Bxb7 Rb8 15. Bg2 c6 16. Rc1 d5 17. cxd5 cxd5 18. Ne2 Qd6 19. Qd2 Nd7 20. d4 Rbd8 21.
dxe5 Nxe5 22. Nf4 Be4 23. Bxe4 dxe4 24. Qxd6 Rxd6 25. Bxe5 1-0

[Event "*** SCC Grand Prix: Titled Tuesday Blitz"]
[Site "Chess.com"]
[Date "2020.06.02"]
[Round "5"]
[White "LionTheLeon_06"]
[Black "Danfii"]
[Result "1-0"]
[WhiteElo "2681"]
[BlackElo "2428"]
[TimeControl "180+1"]
[EndTime "10:55:49 PDT"]
[Termination "LionTheLeon_06 won by resignation"]

1. d4 Nf6 2. c4 e6 3. Nf3 b6 4.
a3 Bb7 5. Nc3 d5 6. cxd5 Nxd5 7. e3 Be7 8. Bd3 O-O 9. O-O c5 10.
e4 Nxc3 11. bxc3 Nc6 12. Bb2 Qc8 13. Qe2 Rd8 14. Rad1 a5 15. d5 Nb8 16. c4 Nd7 17. h4 Qc7 18. e5 exd5 19. e6 Nf6 20. exf7+ Kxf7 21. Ng5+ Kg8 22. Bxf6 Bxf6 23. Bxh7+ Kh8 24. Qh5 Bxg5 25. hxg5 1-0

[Event "*** SCC Grand Prix: Titled Tuesday Blitz"]
[Site "Chess.com"]
[Date "2020.06.02"]
[Round "5"]
[White "Gennady_Kozlov"]
[Black "Gabrielian_Artur"]
[Result "0-1"]
[WhiteElo "2566"]
[BlackElo "2739"]
[TimeControl "180+1"]
[EndTime "10:55:54 PDT"]
[Termination "Gabrielian_Artur won by resignation"]

1. d4 Nf6 2. c4 c5 3. d5 e6 4. Nc3 exd5 5. cxd5 d6 6. Nf3 g6 7. Nd2 Nbd7 8. g3 Bg7 9. Bg2 O-O 10. O-O Re8 11.
Nc4 Ne5 12. Nxe5 Rxe5 13. Bf4 Re8 14. Qb3 a6 15. a4 b6 16. Rfe1 Ng4 17. Ne4 Ne5 18. Nd2 Rb8 19. Bxe5 Bxe5 20. f4 Bg7 21. e4 b5 22. a5 Qc7 23. Nf3 c4 24. Qc2 b4 25.
Rad1 b3 26. Qb1 c3 27. bxc3 Qxc3 28. Rd3 Qc5+ 29. Kh1 b2 30. Red1 Bg4 31. h3 Bxf3 32. Bxf3 Qxa5 33. Bg4 Rxe4 34. f5 Ra4 35. fxg6 hxg6 0-1

[Event "*** SCC Grand Prix: Titled Tuesday Blitz"]
[Site "Chess.com"]
[Date "2020.06.02"]
[Round "5"]
[White "imdarealist"]
[Black "aNaartjieZA"]
[Result "0-1"]
[WhiteElo "2264"]
[BlackElo "2572"]
[TimeControl "180+1"]
[EndTime "10:55:54 PDT"]
[Termination "aNaartjieZA won by resignation"]

1. d4 Nf6 2. Bf4 c5 3. e3 g6 4.
Nd2 Bg7 5. Ngf3 O-O 6. h3 b6 7. Be2 Bb7 8. O-O d6 9. c3 Nbd7 10.
Bh2 Rc8 11. a4 a6 12. Qb3 Rc7 13. Rfd1 Qa8 14. Rac1 Rfc8 15. Ne1 Bd5 16. Qa3 cxd4 17. exd4 Ne4 18. Nxe4 Bxe4 19. Bf3 Bxf3 20. Nxf3 Qb7 21. Re1 Nf6 22. Re2 Qd5 23. Rce1 Bf8 24. Qb4 Qc6 25. Qb3 Qc4 26. Qxb6 Qxa4 27. Ng5 Nd5 28. b3 Qa3 0-1

[Event "*** SCC Grand Prix: Titled Tuesday Blitz"]
[Site "Chess.com"]
[Date "2020.06.02"]
[Round "5"]
[White "Savagelittlemole"]
[Black "Radzio1987"]
[Result "0-1"]
[WhiteElo "2581"]
[BlackElo "2896"]
[TimeControl "180+1"]
[EndTime "10:55:58 PDT"]
[Termination "Radzio1987 won by resignation"]

1. e4 c6 2. d4 d5 3. e5 Bf5 4.
h4 h5 5. c4 e6 6. Nc3 dxc4 7.
Bxc4 Be7 8. Nge2 Nd7 9. Ng3 Bg6 10. Nce4 Nb6 11. Be2 Nh6 12. Bg5 Bxe4 13. Nxe4 Nf5 14. Bxe7 Qxe7 15. Bxh5 O-O-O 16. O-O Qxh4 17. g4 Rxh5 18.
gxh5 Rxd4 19. Nd6+ Nxd6 0-1

[Event "*** SCC Grand Prix: Titled Tuesday Blitz"]
[Site "Chess.com"]
[Date "2020.06.02"]
[Round "5"]
[White "Kildepiotr"]
[Black "SHIVACalypso"]
[Result "0-1"]
[WhiteElo "2462"]
[BlackElo "2315"]
[TimeControl "180+1"]
[EndTime "10:55:58 PDT"]
[Termination "SHIVACalypso won by resignation"]

1. Nf3 Nf6 2. g3 e6 3. Bg2 d5 4. O-O Be7 5. d3 O-O 6. Nbd2 c5 7. e4 Nc6 8. Qe2 b5 9. e5 Nd7 10. c3 a5 11. Re1 Qb6 12. h4 b4 13. c4 dxc4 14.
dxc4 Bb7 15. h5 h6 16. Ne4 Ndxe5 17. Nxe5 Nxe5 18. Bf4 Nc6 19. Rad1 Nd4 20. Qd2 f5 21.
Bxh6 Bxe4 22. Rxe4 fxe4 23. Bxe4 Rad8 24. Qe3 Nf5 25.
Bxf5 Rxd1+ 0-1

[Event "*** SCC Grand Prix: Titled Tuesday Blitz"]
[Site "Chess.com"]
[Date "2020.06.02"]
[Round "5"]
[White "eCztery"]
[Black "Artem_Sadovsky"]
[Result "0-1"]
[WhiteElo "2365"]
[BlackElo "2525"]
[TimeControl "180+1"]
[EndTime "10:56:08 PDT"]
[Termination "Artem_Sadovsky won by checkmate"]

1. e4 g6 2. d4 Bg7 3. Nc3 d6 4. f4 a6 5. Nf3 b5 6. Bd3 Bb7 7.
O-O Nd7 8. a3 c5 9. d5 Ngf6 10. h3 c4 11. Be2 Nc5 12. Nd2 h5 13. Bf3 h4 14. Qe1 Nh5 15. Qxh4 Bd4+ 16. Kh2 Nxf4 17. Qe1 Bc8 18. h4 g5 19. g3 Qd7 20.
gxf4 Qh3# 0-1

[Event "*** SCC Grand Prix: Titled Tuesday Blitz"]
[Site "Chess.com"]
[Date "2020.06.02"]
[Round "5"]
[White "ChristopherYoo"]
[Black "AliKa2810"]
[Result "0-1"]
[WhiteElo "2809"]
[BlackElo "2587"]
[TimeControl "180+1"]
[EndTime "10:56:09 PDT"]
[Termination "AliKa2810 won by resignation"]

1. e4 e5 2. Nf3 Nf6 3. Nc3 Nc6 4. Be2 Bb4 5. Nd5 Bc5 6. Nxe5 Bxf2+ 7. Kxf2 Nxe5 8.
Nxf6+ Qxf6+ 9. Kg1 O-O 10. d4 Ng6 11. Be3 d6 12. Qd2 Bd7 13. Rf1 Qe7 14. Bd3 Rae8 15. h4 f5 16. h5 f4 17. hxg6 fxe3 18. Qxe3 Rxf1+ 19. Bxf1 hxg6 20. e5 dxe5 21. Bc4+ Be6 22. d5 Bf7 23. Rh4 Qxh4 0-1

[Event "*** SCC Grand Prix: Titled Tuesday Blitz"]
[Site "Chess.com"]
[Date "2020.06.02"]
[Round "5"]
[White "FabianoCaruana"]
[Black "EugeneRougon"]
[Result "1-0"]
[WhiteElo "3004"]
[BlackElo "2656"]
[TimeControl "180+1"]
[EndTime "10:56:12 PDT"]
[Termination "FabianoCaruana won by resignation"]

1. d4 d5 2. c4 c6 3. Nf3 Nf6 4. e3 e6 5. Bd3 Nbd7 6. O-O dxc4 7. Bxc4 Bd6 8. Nbd2 O-O 9. Bd3 b5 10. a4 bxa4 11. e4 Be7 12. e5 Nd5 13. Ne4 h6 14.
Nfd2 c5 15. Nc4 cxd4 16. Qh5 f5 17. Qg6 fxe4 18. Bxe4 N7f6 19. exf6 Rxf6 20. Qh7+ Kf7 21. Ne5+ Ke8 22. Bg6+ 1-0

[Event "*** SCC Grand Prix: Titled Tuesday Blitz"]
[Site "Chess.com"]
[Date "2020.06.02"]
[Round "5"]
[White "Rodchenkov_Vitalij"]
[Black "politeplayer"]
[Result "0-1"]
[WhiteElo "2435"]
[BlackElo "2249"]
[TimeControl "180+1"]
[EndTime "10:56:12 PDT"]
[Termination "politeplayer won by resignation"]

1. d4 d5 2. c4 e6 3. g3 c5 4. cxd5 cxd4 5. Nf3 Bb4+ 6. Bd2 Bc5 7. Nxd4 Bxd4 8. Qa4+ Nc6 9. dxc6 Bxb2 10. cxb7+ Bd7 11.
bxa8=Q Qxa8 12. Qb3 Bxa1 13. Qf3 Bc6 14. Qg4 Bxh1 15.
Bc3 Bxc3+ 16. Nxc3 Nf6 17. Qxg7 Ke7 18. Qg5 Rc8 0-1

[Event "*** SCC Grand Prix: Titled Tuesday Blitz"]
[Site "Chess.com"]
[Date "2020.06.02"]
[Round "5"]
[White "Colombiano07"]
[Black "LisikValera"]
[Result "1-0"]
[WhiteElo "2345"]
[BlackElo "2479"]
[TimeControl "180+1"]
[EndTime "10:56:14 PDT"]
[Termination "Colombiano07 won by resignation"]

1. Nf3 d5 2. b3 Bg4 3. Bb2 Bxf3 4. exf3 e6 5. g3 Nf6 6. Bg2 g6 7. O-O Bg7 8. f4 O-O 9. d3 Nbd7 10. c4 c6 11. Nd2 Ne8 12. Bxg7 Kxg7 13. Nf3 Nd6 14. Re1 Nf5 15. Ne5 Nxe5 16. fxe5 dxc4 17. dxc4 Qxd1 18. Raxd1 Rfd8 19. Be4 Ne7 20. Kf1 Kf8 21. Ke2 Ke8 22. g4 Rxd1 23. Rxd1 Rd8 24. Rxd8+ Kxd8 25. f4 b6 26. b4 c5 27. b5 Ke8 28. a4 Kf8 29. Kd3 Kg7 30. h3 f6 31. Ke3 g5 32.
exf6+ Kxf6 33. Bd3 Nc8 34. fxg5+ Kxg5 35. Ke4 Kf6 36. g5+ Kxg5 37. Ke5 Ne7 38. Bxh7 Nf5 39.
Kxe6 Ne3 40. Bd3 Nd1 41. Bc2 Ne3 42. Bb3 Nf1 43. Kd6 Nd2 44. Ba2 Kh4 45. Kc6 Ne4 46. Kb7 Nc3 47. Bb3 Kxh3 48. Kxa7 1-0

[Event "*** SCC Grand Prix: Titled Tuesday Blitz"]
[Site "Chess.com"]
[Date "2020.06.02"]
[Round "5"]
[White "jerry_77"]
[Black "BabyFacedAssasin"]
[Result "0-1"]
[WhiteElo "2473"]
[BlackElo "2333"]
[TimeControl "180+1"]
[EndTime "10:56:14 PDT"]
[Termination "BabyFacedAssasin won by resignation"]

1. e4 e6 2. Nf3 d5 3. Nc3 Nf6 4. e5 Nfd7 5. d4 c5 6. Ne2 Nc6 7.
c3 Be7 8. Nf4 O-O 9. h4 Rb8 10.
Bd3 h6 11. g4 cxd4 12. cxd4 Nxd4 13. Nxd4 Nxe5 14. Bb1 Bxh4 15. Nf3 Nxf3+ 16. Qxf3 Bg5 17. Qd3 f5 18. Ng6 Bxc1 19. Nxf8 Qxf8 20. gxf5 Qb4+ 21. Kf1 Bxb2 22. fxe6 Qc4 23. Qxc4 dxc4 24. Be4 Bxa1 25. Bd5 Kf8 0-1

[Event "*** SCC Grand Prix: Titled Tuesday Blitz"]
[Site "Chess.com"]
[Date "2020.06.02"]
[Round "5"]
[White "LiemLe"]
[Black "vinniethepooh"]
[Result "1-0"]
[WhiteElo "2901"]
[BlackElo "2582"]
[TimeControl "180+1"]
[EndTime "10:56:15 PDT"]
[Termination "LiemLe won by resignation"]

1. e4 c5 2. Nf3 d6 3. d4 cxd4 4.
Nxd4 Nf6 5. Nc3 a6 6. g3 e5 7.
Nb3 Bg4 8. f3 Be6 9. f4 Nc6 10. f5 Bxb3 11. axb3 Nb4 12. Bg2 h5 13. Be3 h4 14. g4 h3 15. Bf3 Nh7 16. Ra4 a5 17. Qe2 Ng5 18. Qb5+ Nc6 19. Be2 Rb8 20. Nd5 Be7 21. Bb6 Qd7 22. O-O O-O 23. Bxa5 b6 24. Qxc6 1-0

[Event "*** SCC Grand Prix: Titled Tuesday Blitz"]
[Site "Chess.com"]
[Date "2020.06.02"]
[Round "5"]
[White "OparinGrigoriy"]
[Black "A-Fier"]
[Result "1-0"]
[WhiteElo "2920"]
[BlackElo "2749"]
[TimeControl "180+1"]
[EndTime "10:56:23 PDT"]
[Termination "OparinGrigoriy won by resignation"]

1. Nf3 c5 2. c4 Nc6 3. d4 cxd4 4. Nxd4 Nf6 5. Nc3 e6 6. e4 Bb4 7. Nxc6 bxc6 8. Bd3 e5 9. O-O O-O 10. h3 d6 11. Na4 h6 12. a3 Ba5 13. b4 Bc7 14.
Be3 Be6 15. Qf3 Nd7 16. Rfd1 Nb6 17. Nb2 Nd7 18. Rac1 Qe7 19. Qe2 Bb6 20. Na4 Bxe3 21. Qxe3 Rfd8 22. c5 dxc5 23. Nxc5 Nxc5 24. Rxc5 Rd4 25.
Rdc1 Bd7 26. Be2 Qd6 27. Ra5 f6 28. Ra6 Qe7 29. Bg4 Bxg4 30. hxg4 Rad8 31. Raxc6 Rd1+ 32. Rxd1 Rxd1+ 33. Kh2 f5 34. Qb3+ Kh7 35. Qxd1 1-0

[Event "*** SCC Grand Prix: Titled Tuesday Blitz"]
[Site "Chess.com"]
[Date "2020.06.02"]
[Round "5"]
[White "JuliaEfremova"]
[Black "Baron_von_Koenig"]
[Result "1-0"]
[WhiteElo "2234"]
[BlackElo "2421"]
[TimeControl "180+1"]
[EndTime "10:56:23 PDT"]
[Termination "JuliaEfremova won by resignation"]

1. d4 Nc6 2. Bf4 e5 3. dxe5 g5 4. Bd2 Bg7 5. Nc3 Nxe5 6. Nf3 g4 7. Nxe5 Bxe5 8. e4 d6 9. Bc4 c6 10. Qe2 b5 11. Bb3 a5 12. a3 a4 13. Ba2 Bd7 14.
O-O-O Qf6 15. h4 gxh3 16. gxh3 O-O-O 17. h4 h6 18. Qe3 Bd4 19. Qd3 Bc5 20. f4 Ne7 21. e5 dxe5 22. Ne4 Bf5 23. Qxd8+ Rxd8 24. Nxf6 Rd6 25. fxe5 Rd4 1-0

[Event "*** SCC Grand Prix: Titled Tuesday Blitz"]
[Site "Chess.com"]
[Date "2020.06.02"]
[Round "5"]
[White "WIDBIFS"]
[Black "DariaVoit"]
[Result "1-0"]
[WhiteElo "2724"]
[BlackElo "2549"]
[TimeControl "180+1"]
[EndTime "10:56:24 PDT"]
[Termination "WIDBIFS won on time"]

1. d4 Nf6 2. Nf3 e6 3. Bf4 c5 4. e3 Nc6 5. Nbd2 d5 6. c3 Bd6 7.
Bg3 O-O 8. Bd3 b6 9. Qe2 Bb7 10.
Rd1 Re8 11. e4 Be7 12. e5 Nh5 13. h4 Nxg3 14. fxg3 h6 15. O-O cxd4 16. Nxd4 Nxd4 17. cxd4 a5 18. Rxf7 Kxf7 19. Qh5+ Kg8 20. Qg6 Bf6 21. Rf1 Ba6 22. exf6 Qd7 23. Qh7+ 1-0

[Event "*** SCC Grand Prix: Titled Tuesday Blitz"]
[Site "Chess.com"]
[Date "2020.06.02"]
[Round "5"]
[White "Balla_Tamas"]
[Black "OnePeculiarConundrum"]
[Result "1-0"]
[WhiteElo "2477"]
[BlackElo "2235"]
[TimeControl "180+1"]
[EndTime "10:56:25 PDT"]
[Termination "Balla_Tamas won by resignation"]

1. e4 c5 2. d3 d6 3. g3 g6 4. Bg2 Bg7 5. f4 Nc6 6. Nf3 e6 7. O-O Nge7 8. c3 O-O 9. a4 Rb8 10. Na3 a6 11. d4 b5 12. axb5 axb5 13. dxc5 dxc5 14. Qxd8 Rxd8 15. Be3 b4 16. cxb4 Bxb2 17. Bxc5 Bxa1 18. Rxa1 Rd7 19. b5 Na5 20. Ne5 Rdb7 21. Rb1 Bd7 22. Bxe7 Bxb5 23. Bd6 Rd8 24. Rxb5 Rxb5 25.
Nxb5 Nb7 26. Nc4 Rc8 27. e5 Rxc4 28. Bxb7 Rc1+ 29. Kf2 Rc2+ 30. Ke3 Rxh2 31. Nd4 Rg2 1-0

[Event "*** SCC Grand Prix: Titled Tuesday Blitz"]
[Site "Chess.com"]
[Date "2020.06.02"]
[Round "5"]
[White "mamonika"]
[Black "Zmeeed63"]
[Result "0-1"]
[WhiteElo "1959"]
[BlackElo "2210"]
[TimeControl "180+1"]
[EndTime "10:56:26 PDT"]
[Termination "Zmeeed63 won by resignation"]

1. e4 Nc6 2. d4 d5 3. exd5 Qxd5 4. Nf3 Bg4 5. Be2 O-O-O 6. c3 e5 7. Nxe5 Bxe2 8. Qxe2 Nxe5 9. Qxe5 Qxg2 10. Rf1 Bd6 11. Qf5+ Rd7 12. Be3 Nh6 13. Qa5 b6 14. Qxa7 Ng4 15. f3 c5 16. Qa8+ Bb8 17. Qc6+ Bc7 18. Qa8+ Bb8 19. Qc6+ Kd8 20. Qxb6+ Bc7 21. Qxc5 Nxe3 22.
Rf2 Qg1+ 23. Ke2 Re8 24. Kd2 Qxf2+ 0-1

[Event "*** SCC Grand Prix: Titled Tuesday Blitz"]
[Site "Chess.com"]
[Date "2020.06.02"]
[Round "5"]
[White "kleopl"]
[Black "Olga_Zhuravleva"]
[Result "1-0"]
[WhiteElo "2466"]
[BlackElo "2255"]
[TimeControl "180+1"]
[EndTime "10:56:29 PDT"]
[Termination "kleopl won by checkmate"]

1. c4 e5 2. Nc3 Nf6 3. Nf3 Nc6 4. e4 Bc5 5. Nxe5 Nxe5 6. d4 Bxd4 7.
Qxd4 Nc6 8. Qd2 d6 9. b3 O-O 10.
Bb2 Re8 11. Bd3 Bf5 12. f3 Bg6 13. O-O Nd7 14. Nd5 Nde5 15. Rae1 Nxd3 16. Qxd3 f6 17. Kh1 Bf7 18. Ne3 Nb4 19. Qd2 Nc6 20. Nf5 Bg6 21.
Ne3 Qd7 22. Rd1 Qe6 23. Nd5 Rac8 24. Rfe1 Kh8 25. Qf2 Bf7 26. Qh4 Ne5 27. h3 Ng6 28.
Qg3 c6 29. Ne3 Rcd8 30. Re2 Qd7 31. Red2 Ne5 32. Nf5 d5 33. Qxg7# 1-0

[Event "*** SCC Grand Prix: Titled Tuesday Blitz"]
[Site "Chess.com"]
[Date "2020.06.02"]
[Round "5"]
[White "boasovietica"]
[Black "BelaKis"]
[Result "1-0"]
[WhiteElo "2427"]
[BlackElo "2202"]
[TimeControl "180+1"]
[EndTime "10:56:31 PDT"]
[Termination "boasovietica won by resignation"]

1. e4 e5 2. Nf3 Nc6 3. Bb5 a6 4. Ba4 Nf6 5. O-O Be7 6. d3 b5 7. Bb3 d6 8. a3 O-O 9. Nc3 Be6 10. Bg5 Bxb3 11. cxb3 Nd4 12. Nxd4 exd4 13. Ne2 c5 14.
Bxf6 Bxf6 15. Nf4 Be7 16. Nd5 f5 17. Qf3 f4 18. Qg4 Bg5 19. h4 Bh6 20. a4 Qc8 21. Ne7+ 1-0

[Event "*** SCC Grand Prix: Titled Tuesday Blitz"]
[Site "Chess.com"]
[Date "2020.06.02"]
[Round "5"]
[White "Ali_rastbod"]
[Black "amintabatabaei"]
[Result "0-1"]
[WhiteElo "2650"]
[BlackElo "2927"]
[TimeControl "180+1"]
[EndTime "10:56:32 PDT"]
[Termination "amintabatabaei won by resignation"]

1. c4 e5 2. Nc3 Nf6 3. e3 Nc6 4. g4 d5 5. g5 d4 6. gxf6 dxc3 7. bxc3 Qxf6 8. d4 Be7 9. Bg2 O-O 10. Qf3 Qg6 11. Ne2 Re8 12. h3 Na5 13. c5 Bd7 14. O-O Bb5 15. Rd1 e4 0-1

[Event "*** SCC Grand Prix: Titled Tuesday Blitz"]
[Site "Chess.com"]
[Date "2020.06.02"]
[Round "5"]
[White "Parhamov"]
[Black "Ali-Farahat"]
[Result "1-0"]
[WhiteElo "3078"]
[BlackElo "2387"]
[TimeControl "180+1"]
[EndTime "10:56:33 PDT"]
[Termination "Parhamov won by resignation"]

1. e4 e5 2. Nf3 Nc6 3. Bb5 a6 4.
Ba4 Nf6 5. O-O Be7 6. Re1 b5 7.
Bb3 d6 8. c3 O-O 9. h3 Na5 10.
Bc2 d5 11. d3 dxe4 12. dxe4 Qxd1 13. Rxd1 Bb7 14. Nbd2 Rad8 15. Re1 Rfe8 16. Nxe5 Bf8 17. Ng4 Nxg4 18. hxg4 Bc8 19. f3 Bc5+ 20. Kf1 Bd6 21. b4 Nc6 22. a4 Bg3 23. Rd1 Ne5 24. axb5 axb5 25. Nb3 Rxd1+ 26. Bxd1 Be6 27. Nd4 Bc4+ 28. Be2 Nd3 29. Be3 g6 30. Ra6 Kg7 31. g5 Rd8 32.
Nc6 Nf4 33. Bd4+ Rxd4 34. Nxd4 1-0

[Event "*** SCC Grand Prix: Titled Tuesday Blitz"]
[Site "Chess.com"]
[Date "2020.06.02"]
[Round "5"]
[White "Salem-AR"]
[Black "DLR7"]
[Result "1-0"]
[WhiteElo "3035"]
[BlackElo "2658"]
[TimeControl "180+1"]
[EndTime "10:56:34 PDT"]
[Termination "Salem-AR won by resignation"]

1. Nf3 Nf6 2. c4 e6 3. g3 d5 4. b3 Be7 5. Bg2 O-O 6. O-O b6 7. Bb2 Bb7 8. cxd5 Nxd5 9. Nc3 Nxc3 10. Bxc3 Bf6 11. Bxf6 Qxf6 12. Qc2 c5 13. Ng5 Qxg5 14. Bxb7 Nd7 15. Bxa8 Rxa8 16. d4 cxd4 17. Rfd1 Qd5 18. e3 Ne5 19. e4 Nf3+ 20. Kg2 Qh5 21. Rd3 Ng5 22. h4 Nxe4 23. Qc6 Qd5 24. Qxd5 exd5 25.
Rxd4 Nf6 26. Rc1 h6 27. Rc7 a5 28. Rd2 Re8 29. Rc6 Re6 30. Rxe6 fxe6 31. Rc2 Kf8 32. Rc6 Nd7 33. Rxe6 1-0

[Event "*** SCC Grand Prix: Titled Tuesday Blitz"]
[Site "Chess.com"]
[Date "2020.06.02"]
[Round "5"]
[White "emperor87"]
[Black "Gordima"]
[Result "0-1"]
[WhiteElo "2586"]
[BlackElo "2769"]
[TimeControl "180+1"]
[EndTime "10:56:34 PDT"]
[Termination "Gordima won by resignation"]

1. e4 Nf6 2. e5 Nd5 3. d4 d6 4. Nf3 Bg4 5. Be2 e6 6. O-O Be7 7. c4 Nb6 8. exd6 cxd6 9. b3 O-O 10. Nc3 Nc6 11. Be3 d5 12. c5 Nc8 13. Ne5 Nxe5 14. dxe5 Bf5 15. Nb5 f6 16. f4 fxe5 17. fxe5 Bg5 18.
Bxg5 Qxg5 19. Qd4 Ne7 20. Nd6 Nc6 21. Qb2 Bh3 22. Bb5 Nxe5 23. Kh1 Bg4 24. Rfe1 Nf3 25. Rf1 Nd2 26. Rxf8+ Rxf8 27. Qd4 Nf3 28. Qf2 Nxh2 29.
Qg3 Nf3 30. gxf3 Bxf3+ 31. Kh2 Qh5+ 32. Qh3 Qe5+ 33. Qg3 Qxa1 0-1

[Event "*** SCC Grand Prix: Titled Tuesday Blitz"]
[Site "Chess.com"]
[Date "2020.06.02"]
[Round "5"]
[White "Jeffinho023"]
[Black "124chess"]
[Result "0-1"]
[WhiteElo "2573"]
[BlackElo "2752"]
[TimeControl "180+1"]
[EndTime "10:56:35 PDT"]
[Termination "124chess won by resignation"]

1. d4 d6 2. Nf3 Nf6 3. Bf4 g6 4. e3 Bg7 5. Be2 O-O 6. O-O b6 7. c3 Bb7 8. Nbd2 Nbd7 9. h3 Qe8 10. Bh2 e5 11. dxe5 dxe5 12. Nc4 Ne4 13. Nfd2 Rd8 14. Nxe4 Bxe4 15. Qa4 Nc5 16. Qxa7 Qc6 17. Bxe5 Ne6 18. Bxg7 Kxg7 19. Ne5 Qd5 20. f4 Ra8 0-1

[Event "*** SCC Grand Prix: Titled Tuesday Blitz"]
[Site "Chess.com"]
[Date "2020.06.02"]
[Round "5"]
[White "PetrolulSah"]
[Black "Boudicca64"]
[Result "1-0"]
[WhiteElo "2225"]
[BlackElo "1977"]
[TimeControl "180+1"]
[EndTime "10:56:37 PDT"]
[Termination "PetrolulSah won on time"]

1. d4 d5 2. Nf3 e6 3. g3 Nf6 4.
Bg2 Be7 5. O-O O-O 6. c4 b6 7. Nc3 Bb7 8. cxd5 exd5 9. Bf4 a6 10. Rc1 Nbd7 11. Ne5 c5 12. Nc4 Ne4 13. Nxe4 dxe4 14. d5 Nf6 15. d6 Re8 16. dxe7 Qxe7 17. Nxb6 Rad8 18. Qb3 e3 19. Bxe3 Bxg2 20. Kxg2 Qe4+ 21. Kg1 Ng4 22. Bxc5 Qxe2 23. Qc4 Qf3 24. Rc3 Qf5 25. Qf4 Qh5 26. h4 1-0

[Event "*** SCC Grand Prix: Titled Tuesday Blitz"]
[Site "Chess.com"]
[Date "2020.06.02"]
[Round "5"]
[White "Loiacono_Antonio"]
[Black "1977Ivan"]
[Result "0-1"]
[WhiteElo "2413"]
[BlackElo "2588"]
[TimeControl "180+1"]
[EndTime "10:56:40 PDT"]
[Termination "1977Ivan won by resignation"]

1. e4 c5 2. Nf3 e6 3. d4 cxd4 4. Nxd4 Nc6 5. Nc3 Qc7 6. g3 a6 7. Bg2 Nf6 8. O-O Nxd4 9. Qxd4 Bc5 10. Qd3 Ng4 11. Bf4 d6 12. Rad1 Ne5 13. Qe2 Bd7 14.
Be3 O-O 15. h3 Rac8 16. Bg5 h6 17. Bf4 b5 18. Nb1 Rfd8 19. Nd2 Bb6 20. c3 Be8 21.
Kh2 a5 22. Nb3 Nc4 23. Nd4 e5 24. Bxh6 exd4 25. Qg4 f6 26. cxd4 Qf7 27. e5 Bd7 28. Qh4 dxe5 29. dxe5 Nxe5 30. Bd2 Bc6 31. Bc3 Bxg2 32.
Kxg2 Qb7+ 0-1

[Event "*** SCC Grand Prix: Titled Tuesday Blitz"]
[Site "Chess.com"]
[Date "2020.06.02"]
[Round "5"]
[White "DonPreuss"]
[Black "dosto07"]
[Result "1-0"]
[WhiteElo "2232"]
[BlackElo "2099"]
[TimeControl "180+1"]
[EndTime "10:56:46 PDT"]
[Termination "DonPreuss won by checkmate"]

1. d4 d5 2. e4 dxe4 3. Nc3 Nf6 4. f3 exf3 5. Nxf3 e6 6. Bd3 c5 7. dxc5 Bxc5 8. Bg5 Nc6 9. Qd2 O-O 10. Qf4 Be7 11. O-O-O Qa5 12. Qh4 h6 13. g4 Nb4 14. Bxh6 gxh6 15.
Qxh6 Rd8 16. Ng5 Nxd3+ 17. Rxd3 Rxd3 18. cxd3 Bd7 19. Nce4 Rc8+ 20. Kb1 Qe5 21. Rf1 Nxg4 22. Qh7+ Kf8 23. Qxf7# 1-0

[Event "*** SCC Grand Prix: Titled Tuesday Blitz"]
[Site "Chess.com"]
[Date "2020.06.02"]
[Round "5"]
[White "GodDMuhammad"]
[Black "aa175"]
[Result "1-0"]
[WhiteElo "2309"]
[BlackElo "2456"]
[TimeControl "180+1"]
[EndTime "10:56:47 PDT"]
[Termination "GodDMuhammad won by checkmate"]

1. f4 e5 2. fxe5 d6 3. Nf3 dxe5 4. e4 Nc6 5. Bc4 Bc5 6. c3 Nf6 7. b4 Bb6 8. b5 Na5 9. Bxf7+ Kxf7 10. Nxe5+ Ke8 11.
d4 Be6 12. O-O Qd6 13. Kh1 Nxe4 14. Ba3 Qd5 15. Qf3 Nf6 16. Qg3 Rg8 17. Nd2 Qxb5 18. Rae1 Qa4 19. Ng4 Kd7 20. Bb4 Bxg4 21. Re7+ Kc8 22.
Nc4 Nxc4 23. h3 a5 24. Bc5 Bxc5 25. Qxc7# 1-0

[Event "*** SCC Grand Prix: Titled Tuesday Blitz"]
[Site "Chess.com"]
[Date "2020.06.02"]
[Round "5"]
[White "Manukyan_Artak"]
[Black "j2806"]
[Result "1-0"]
[WhiteElo "2342"]
[BlackElo "2109"]
[TimeControl "180+1"]
[EndTime "10:56:47 PDT"]
[Termination "Manukyan_Artak won by checkmate"]

1. e4 c5 2. Nf3 d6 3. c3 Nf6 4.
Bd3 Nc6 5. Bc2 e6 6. d4 cxd4 7. cxd4 d5 8. e5 Ne4 9. Nc3 Bb4 10.
Bd2 Nxd2 11. Qxd2 Bd7 12. a3 Ba5 13. b4 Bb6 14. Nb5 O-O 15. O-O a5 16. Nd6 axb4 17. axb4 Bc7 18. Nxb7 Qb8 19. Rxa8 Qxa8 20. Nc5 Rd8 21. b5 Na5 22. Rb1 Nc4 23. Qd3 Qb8 24. Qxh7+ Kf8 25. Qh8+ Ke7 26. Qxg7 Rg8 27. Qf6+ Ke8 28.
Ng5 Rf8 29. b6 Bxb6 30. Nxd7 Kxd7 31. Ba4+ Kc7 32. Qe7+ Kc8 33. Qd7# 1-0

[Event "*** SCC Grand Prix: Titled Tuesday Blitz"]
[Site "Chess.com"]
[Date "2020.06.02"]
[Round "5"]
[White "GigaQuparadze"]
[Black "grzechu96"]
[Result "1-0"]
[WhiteElo "2840"]
[BlackElo "2628"]
[TimeControl "180+1"]
[EndTime "10:56:50 PDT"]
[Termination "GigaQuparadze won by resignation"]

1. e4 e5 2. Nf3 Nc6 3. Bb5 a6 4. Ba4 Nf6 5. Bxc6 dxc6 6. d3 Nd7 7. Nbd2 Bd6 8. Nc4 f6 9. Nh4 g6 10. O-O Nf8 11. Bh6 Ne6 12. c3 Qe7 13. d4 Bd7 14.
dxe5 Bxe5 15. Nxe5 fxe5 16. Nf3 Nf4 17. Bg5 Qe6 18. Qb3 Qg4 19. Bxf4 Qxf4 20. Qxb7 O-O 21. Qxc7 Bg4 22. Qxe5 Bxf3 23. Qxf4 Rxf4 24. gxf3 Rxf3 25.
Rad1 Re8 26. Rfe1 Rf4 27. Rd4 Re5 28. Re3 Rg5+ 29. Rg3 Re5 30. f3 Kg7 31. Rd7+ Rf7 32. Rxf7+ Kxf7 33. Rg2 g5 34. Kf2 h5 35. Ke3 Ke7 36.
Kd4 Ke6 37. b4 Kf6 38. a3 Re7 39. Ke3 Re5 40. Rd2 Ke7 41. h4 gxh4 42. f4 Re6 43. f5 Rd6 44. Rxd6 Kxd6 45. Kf3 1-0